 Dungeon Sprint DCSS version 0.31-a0-859-g9dce7d3444 (webtiles) character file.

Game seed: 893487215100633139

691 sircluck the Grappler (level 7, -5/81 HPs)
             Began as a Troll Berserker on Oct 9, 2023.
             Was a Priest of Trog.
             Killed from afar by a white imp (10 damage)
             ... with a puff of frost
             ... summoned by a kobold demonologist
             ... in the Dungeon (Sprint I: "Red Sonja").
             The game lasted 00:00:52 (275 turns).

sircluck the Grappler (Troll Berserker)              Turns: 275, Time: 00:00:53

Health: -5/81      AC:  0    Str: 28      XL:     7   Next: 36%
Magic:  6/6        EV: 11    Int:  3      God:    Trog [***...]
Gold:   420        SH:  0    Dex:  7 (9)  Spells: 6/6 levels left

rFire   . .          .
                       - Unarmed
rCold   . . .        (no shield)
rNeg    . . .        a - +0 animal skin
rPois   .            (helmet restricted)
rElec   .            (no cloak)
rCorr   .            (gloves unavailable)
SInv    .            (boots unavailable)
Will    .....        (no amulet)
Stlth   +            (no ring)
HPRegen 1.13/turn    (no ring)
MPRegen 0.10/turn

%: no teleportation
@: corroded
A: large, unfitting armour, claws 3, regeneration 1, shaggy fur 1, tough skin 1
a: Renounce Religion, Berserk, Trog's Hand


You were in the Dungeon.
You worshipped Trog.
Trog was most pleased with you.
You visited 1 branch You collected 420 gold pieces.

Inventory:

Armour
 a - a +0 animal skin (worn)
Wands
 h - a wand of polymorph (7)
Scrolls
 i - a scroll of torment {unknown}
Potions
 b - a potion of curing
 c - a potion of heal wounds
 d - a potion of haste
 e - 2 potions of magic
 f - a potion of berserk rage


   Skills:
 + Level 8.3 Fighting
 + Level 8.2 Dodging
 + Level 9.8 Unarmed Combat


You had 6 spell levels left.
You didn't know any spells.
Your spell library was empty.

Dungeon Overview and Level Annotations

Branches:
Dungeon (1/1)

Altars:
Cheibriados
Dithmenos
Elyvilon
Fedhas
Gozag
Hepliaklqana
Kikubaaqudgha
Makhleb
Nemelex Xobeh
Okawaru
Qazlal
Ru
Sif Muna
Trog
Uskayaw
Vehumet
Wu Jian
Xom
Yredelemnul
Zin
The Shining One
Jiyva
Lugonu

Shops:
D [


Innate Abilities, Weirdness & Mutations

You are too large for most types of armour.
You have claws for hands.
Your natural rate of healing is unusually fast.
You are covered in fur. (AC +1)
You have tough skin. (AC +1)


Message History

The quasit claws you.
* * * LOW HITPOINT WARNING * * *
You feel clumsy. The quasit barely misses you.
Unknown command.
Unknown command.
Unknown command.
You claw the rust devil!
The rust devil is severely wounded.
The quasit bites you.
* * * LOW HITPOINT WARNING * * *
You feel clumsy. The quasit barely misses you. The quasit claws you.
* * * LOW HITPOINT WARNING * * *
Unknown command.
Unknown command.
You scratch the rust devil.
The rust devil is severely wounded.
The rust devil hits you!
* * * LOW HITPOINT WARNING * * *
The rust devil corrodes you! The quasit misses you. The quasit claws you.
* * * LOW HITPOINT WARNING * * *
The quasit closely misses you.
Unknown command.
Unknown command.
You claw the rust devil!
You kill the rust devil!
The rust devil disappears in a puff of smoke!
The kobold demonologist miscasts a cantrip.
The quasit barely misses you. The quasit closely misses you.
The quasit barely misses you.
You barely miss the kobold demonologist.
The kobold demonologist is almost dead.
The kobold demonologist looks encouraged for a moment.
The quasit barely misses you. x2; The quasit claws you.
* * * LOW HITPOINT WARNING * * *
The white imp shouts, "Scamper hence, thou foisting limp-willed fustilarian!"
The white imp gestures at you. The puff of frost hits you!
You die...

##########################
#<.#..)..#..'.5#5_#..'4K.#
#..').#..').#.@§55'..#...#
#..#####'#####K#K_####3..+
#..####..#...#.#### #####
#..#__####..##.#
#..#_____##'#_.+
#⌠⌠#_.∩...†..._#
####_..__##_.#'#
#_____###+#)# ####### ###


You could see 2 kobold demonologists, 2 quasits, a white imp (summoned) and an
ufetubus (summoned).

Vanquished Creatures
  A slime creature (D)
  Sigmund (D)
  A yak (D)
  A floating eye (D)
  An ogre (D)
  A jelly (D)
  Ijyb (D)
7 creatures vanquished.

Notes
Turn   | Place    | Note
-------+----------+-------------------------------------------
     0 | D        | sircluck the Troll Berserker began the quest for the Orb.
     0 | D        | Reached XP level 1. HP: 22/22 MP: 0/0
     1 | D        | Noticed Ijyb
     5 | D        | Killed Ijyb
     6 | D        | Reached skill level 4 in Unarmed Combat
     6 | D        | Reached XP level 2. HP: 25/31 MP: 1/1
    15 | D        | Noticed an ogre
    20 | D        | Killed an ogre
    21 | D        | Reached skill level 5 in Fighting
    21 | D        | Reached skill level 5 in Dodging
    21 | D        | Reached skill level 6 in Unarmed Combat
    21 | D        | Reached XP level 3. HP: 24/42 MP: 2/2
    21 | D        | Reached XP level 4. HP: 28/50 MP: 3/3
    52 | D        | Noticed Sigmund
    59 | D        | Killed Sigmund
    59 | D        | Reached ** piety under Trog
    60 | D        | Reached skill level 7 in Unarmed Combat
    60 | D        | Reached XP level 5. HP: 35/61 MP: 4/4
    97 | D        | Found an ornate altar of the Wu Jian Council.
    97 | D        | Found a shimmering blue altar of Sif Muna.
    99 | D        | Found a radiant altar of Vehumet.
   103 | D        | Reached XP level 6. HP: 68/68 MP: 5/5
   132 | D        | Found Iceosex's Armour Emporium.
   132 | D        | Found an ancient bone altar of Kikubaaqudgha.
   132 | D        | Found a hazy altar of Hepliaklqana.
   132 | D        | Found a stormy altar of Qazlal.
   132 | D        | Found a hide-covered altar of Uskayaw.
   132 | D        | Found a blossoming altar of Fedhas.
   132 | D        | Found a bloodstained altar of Trog.
   132 | D        | Found an iron altar of Okawaru.
   132 | D        | Found a basalt altar of Yredelemnul.
   132 | D        | Found a glowing golden altar of the Shining One.
   132 | D        | Found a snail-covered altar of Cheibriados.
   132 | D        | Found a sacrificial altar of Ru.
   132 | D        | Found a glowing silver altar of Zin.
   132 | D        | Found a shadowy altar of Dithmenos.
   132 | D        | Found a white marble altar of Elyvilon.
   132 | D        | Noticed a yak
   138 | D        | Killed a yak
   139 | D        | Reached skill level 8 in Unarmed Combat
   139 | D        | Found an opulent altar of Gozag.
   166 | D        | Found a sparkling altar of Nemelex Xobeh.
   181 | D        | Found a burning altar of Makhleb.
   181 | D        | Found a viscous altar of Jiyva.
   181 | D        | Found a shimmering altar of Xom.
   181 | D        | Found a corrupted altar of Lugonu.
   181 | D        | Noticed a slime creature
   189 | D        | Killed a slime creature
   189 | D        | Reached *** piety under Trog
   190 | D        | Reached skill level 9 in Unarmed Combat
   190 | D        | Reached XP level 7. HP: 35/80 MP: 6/6
   243 | D        | Noticed a kobold demonologist
   243 | D        | Noticed a kobold demonologist
   245 | D        | Noticed a smoke demon
   246 | D        | Paralysed by a floating eye for 3 turns
   251 | D        | Noticed an ice devil
   266 | D        | Noticed a rust devil
   275 | D        | Killed from afar by a white imp

Illustrated notes

Levels and vault maps discovered:
D:        dungeon_sprint_1 [red_sonja_temple_1, red_sonja_temple_small_1]

Skill      XL: |  1  2  3  4  5  6  7 |
---------------+----------------------+-----
Fighting       | 3 5 6 8 |  8.3
Dodging        | 3 5 6 7 8 |  8.2
Unarmed Combat | 4 6 7 9 |  9.8

Action                     |  1- 3 |  4- 6 |  7- 9 || total
---------------------------+-------+-------+-------++-------
  Melee: Unarmed           |     7 |    21 |    18 ||    46
         Punch             |       |     1 |     1 ||     2
    Use: Scroll            |       |       |     1 ||     1
 Armour: Animal skin       |     3 |    12 |    21 ||    36
  Dodge: Dodged            |     1 |     3 |    15 ||    19

Table legend: (Time is in decaauts)
 A = Elapsed time spent in this place.
 B = Non-inter-level travel time spent in this place.
 C = Inter-level travel time spent in this place.
 D = Time resting spent in this place.
 E = Time spent auto-exploring this place.
 F = Levels seen in this place.
 G = Mean time per level.
                   A        B        C        D        E       F      G
               +--------+--------+--------+--------+--------+-----+--------+
         Total |    268 |    257 |     11 |      6 |    160 |   1 |  268.0 |
       Dungeon |    268 |    257 |     11 |      6 |    160 |   1 |  268.0 |
               +--------+--------+--------+--------+--------+-----+--------+

Top non-repeatable levels by time:
       D: 268 daAuts
